Map: Breakwater LE

Players

kak - Winner!

  • Race: Zerg Zerg
  • League: Master
  • Spawn Location: 1:00

Roid - Winner!

  • Race: Protoss Protoss
  • League: Master
  • Spawn Location: 1:00

Ekelpack

  • Race: Zerg Zerg
  • Spawn Location: 7:00

Nyck

  • Race: Terran Terran
  • Spawn Location: 7:00

VOD

Have the link to the VOD?

Description

Time

  • Played on: Feb. 4, 2025, 12:44 p.m.
  • Length: 6:37
Show
View Real Time Build Order
Export as new Build Order

kak Zerg - Winner!

Build Orders: Hatch First 

Get SALT Encoding   

  12  0:00  Drone  
  13  0:12  Overlord  
  13  0:16  Drone  
  14  0:31  Drone x2  
  16  0:50  Drone  
  16  0:56  Hatchery  
  16  0:57  Drone  
  16  0:58  Drone  
  18  1:11  Spawning Pool  
  18  1:16  Drone, Extractor  
  17  1:19  Drone  
  18  1:28  Drone  
  19  1:43  Overlord  
  19  2:05  Roach Warren  
  18  2:13  Drone  
  18  2:14  Drone x3  
  22  2:23  Drone  
  22  2:25  Queen x2  
  22  2:29  Drone  
  29  2:30  Drone  
  29  2:39  Overlord  
  29  2:54  Drone x3  
  32  2:59  Roach  
  32  3:02  Lair  
  34  3:07  Extractor  
  34  3:08  Drone x2  
  35  3:13  Drone  
  36  3:25  Drone  
  36  3:26  Overlord  
  37  3:33  Extractor  
  36  3:34  Drone x2  
  36  3:35  Drone  
  36  3:36  Drone x3  
  36  3:37  Drone  
  43  3:46  Roach  
  43  3:47  Roach  
  47  3:52  Drone  
  48  3:56  Overlord  
  48  4:03  Glial Reconstitution  
  48  4:04  Roach  
  48  4:05  Roach  
  52  4:18  Roach x2  
  56  4:27  Overlord  
  56  4:28  Overlord  
  56  4:33  Roach x2  
  56  4:36  Overlord  
  60  4:47  Roach  
  60  4:48  Roach x4  
  60  4:51  Roach  
  72  4:56  Overlord  
  72  5:00  Roach  
  72  5:03  Roach  
  72  5:04  Roach x4  
  72  5:05  Overlord  
  84  5:25  Roach  
  84  5:26  Roach x3  
  84  5:45  Roach x7  
  98  5:53  Roach  
  100  6:07  Overlord  
  100  6:08  Overlord x2  
  98  6:26  Hatchery  
Show
View Real Time Build Order
Export as new Build Order

Roid Protoss - Winner!

Build Orders: 1 Gate Expand, Blink Stalkers 

Get SALT Encoding   

  12  0:00  Probe  
  13  0:12  Probe  
  14  0:18  Pylon  
  14  0:24  Probe  
  15  0:30  Assimilator  
  15  0:32  Probe  
  15  0:42  Gateway, Probe  
  17  0:54  Probe  
  18  1:06  Probe  
  19  1:18  Probe  
  20  1:30  Probe  
  20  1:31  Nexus  
  21  1:40  Cybernetics Core  
  21  1:45  Pylon  
  22  1:47  Probe  
  22  1:59  Probe  
  23  2:04  Assimilator  
  23  2:11  Probe  
  23  2:15  Warp Gate  
  23  2:23  Probe  
  23  2:27  Gateway  
  23  2:29  Gateway  
  24  2:34  Gateway  
  24  2:42  Probe  
  25  2:46  Probe  
  26  2:54  Probe  
  28  2:58  Twilight Council, Probe  
  28  3:04  Stalker  
  30  3:14  Probe  
  30  3:17  Sentry  
  30  3:19  Blink  
  33  3:20  Probe  
  33  3:21  Stalker  
  33  3:26  Probe  
  37  3:27  Stalker  
  37  3:32  Probe  
  40  3:39  Probe  
  41  3:46  Probe  
  41  3:51  Probe  
  42  4:01  Probe  
  43  4:03  Probe  
  43  4:05  Stalker  
  46  4:12  Pylon  
  46  4:17  Pylon  
  46  4:30  Stalker x2  
  46  4:31  Stalker x2  
  54  4:39  Probe x2  
  54  4:43  Pylon  
  54  4:44  Pylon  
  56  4:58  Probe  
  56  4:59  Probe  
  58  5:02  Stalker x4  
  66  5:09  Assimilator  
  66  5:10  Probe  
  66  5:11  Probe  
  66  5:13  Assimilator  
  68  5:26  Stalker x3  
  70  5:46  Stalker  
  72  5:59  Stalker x2  
  72  6:01  Probe x2  
  78  6:04  Pylon  
  76  6:13  Probe  
  76  6:14  Probe  
  76  6:15  Nexus  
  76  6:17  Pylon  
  74  6:19  Pylon  
  70  6:26  Stalker x3  
Show
View Real Time Build Order
Export as new Build Order

Ekelpack Zerg 

Build Orders: Hatch First 

Get SALT Encoding   

  12  0:00  Drone  
  13  0:13  Overlord  
  13  0:17  Drone  
  14  0:31  Drone x2  
  14  0:35  Drone  
  17  0:46  Drone  
  18  0:58  Drone  
  18  1:01  Hatchery, Extractor  
  17  1:11  Spawning Pool  
  17  1:14  Drone  
  17  1:19  Drone  
  18  1:30  Drone  
  19  1:39  Drone  
  20  1:50  Drone  
  21  2:02  Metabolic Boost  
  21  2:04  Overlord  
  21  2:12  Queen  
  21  2:15  Queen  
  25  2:19  Drone  
  25  2:22  Drone  
  27  2:28  Drone  
  28  2:35  Overlord  
  28  2:36  Drone x2  
  30  2:45  Drone  
  30  2:48  Lair  
  31  2:53  Zergling x2  
  31  2:56  Queen  
  34  3:05  Extractor  
  33  3:06  Drone  
  33  3:08  Drone  
  33  3:09  Drone x2, Extractor  
  36  3:18  Drone x2  
  38  3:20  Drone  
  38  3:21  Drone x2  
  41  3:31  Drone  
  42  3:37  Drone x2  
  42  3:39  Overlord  
  42  3:40  Extractor  
  42  3:50  Overlord  
  42  3:51  Spire  
  42  3:54  Drone  
  42  4:03  Drone  
  42  4:04  Zergling x6  
  42  4:07  Drone  
  47  4:11  Drone  
  48  4:19  Zergling x2  
  49  4:25  Zergling x2  
  49  4:28  Zergling x4  
  52  4:34  Spine Crawler  
  52  4:35  Spine Crawler  
  52  4:36  Drone  
  52  4:37  Drone x2  
  53  4:43  Zergling x2  
  53  4:44  Zergling x4  
  56  4:59  Overlord  
  56  5:00  Overlord x2  
  56  5:06  Mutalisk x2  
  58  5:29  Mutalisk x7  
  58  5:30  Zergling x2  
  61  5:44  Zergling x4  
  55  5:52  Zergling x6  
  49  6:03  Zergling x4  
  44  6:04  Zergling x2  
Show
View Real Time Build Order
Export as new Build Order

Nyck Terran 

Build Orders: Command Center First 

Get SALT Encoding   

  12  0:00  SCV  
  13  0:13  SCV  
  14  0:28  Supply Depot  
  14  0:45  SCV  
  15  1:03  SCV  
  16  1:04  Command Center  
  16  1:15  SCV  
  17  1:26  Barracks  
  17  1:29  Refinery  
  17  1:30  SCV  
  18  1:42  SCV  
  18  1:46  Refinery  
  19  1:57  SCV  
  20  2:13  Orbital Command  
  20  2:20  Orbital Command  
  20  2:31  Reaper  
  21  2:39  SCV  
  22  2:46  SCV  
  23  2:57  Factory  
  23  2:59  SCV x2  
  25  3:06  Refinery  
  25  3:11  SCV x2  
  27  3:22  Barracks Reactor  
  27  3:24  SCV x2  
  29  3:36  SCV, Refinery  
  29  3:37  SCV  
  31  3:45  Starport  
  31  3:46  Factory Reactor  
  31  3:48  SCV  
  31  3:49  SCV  
  31  3:52  Starport  
  33  3:56  Starport  
  33  4:01  SCV x2  
  35  4:13  SCV x2  
  37  4:22  Marine  
  38  4:30  Supply Depot  
  38  4:35  Starport Tech Lab x2  
  38  4:36  Starport Tech Lab  
  38  4:51  SCV x2, Marine x2, Widow Mine x2  
  38  4:52  Supply Depot  
  46  5:04  Starport  
  46  5:14  SCV x2, Banshee x2  
  47  5:15  Supply Depot  
  47  5:17  Supply Depot  
  54  5:35  Marine  
  54  5:37  Banshee  
  54  5:39  Supply Depot  
  54  5:40  Supply Depot  
  53  6:03  Supply Depot  
Tags
 
Add a new tag
Caveats
  • Supply blocks, unpowered buildings, or Contaminate may cause inaccurate times.
  • Supply counts are checked every 10 seconds.